 Dungeon Crawl Stone Soup version 0.26.1-11-gd32895ea62 (webtiles) character file.

Game seed: 14523924541617116603

43 ABBCCCDDDD the Insei (level 3, -1/25 HPs)
             Began as an Octopode Gladiator on July 8, 2021.
             Slain by a worm (9 damage)
             ... on level 2 of the Dungeon.
             The game lasted 00:00:58 (831 turns).

ABBCCCDDDD the Insei (Octopode Gladiator)            Turns: 831, Time: 00:00:58

Health: -1/25      AC:  1    Str: 13    XL:     3   Next: 58%
Magic:  3/3        EV: 14    Int: 11    God:
Gold:   58         SH:  0    Dex: 13    Spells: 2/2 levels left

rFire    . . .     SeeInvis .     - Unarmed
rCold    . . .     Faith    .   (no shield)
rNeg     . . .     Spirit   .   a - +0 hat
rPois    .         Reflect  .   (no amulet)
rElec    .         Harm     .   (no ring)
rCorr    .         Rampage  .   (no ring)
Will     .....                  (no ring)
Stlth    ++........             (no ring)
HPRegen  0.08/turn              (no ring)
MPRegen  0.08/turn              (no ring)
                                (no ring)
                                (no ring)

@: no status effects
A: almost no armour, stealthy swim, amphibious, 8 rings, constrict 8, camouflage
1, gelatinous body 1
a: no special abilities


You were on level 2 of the Dungeon.
You visited 1 branch of the dungeon, and saw 2 of its levels.

You collected 58 gold pieces.

Inventory:

Missiles
 b - 3 throwing nets (quivered)
Armour
 a - a +0 hat (worn)
Scrolls
 c - 3 scrolls of teleportation {unknown}
 d - a scroll of blinking {unknown}
 g - a scroll of identify {unknown}
 h - a scroll of remove curse {unknown}
Potions
 e - a potion of lignification {unknown}
 f - 2 potions of curing {unknown}


   Skills:
 + Level 2.8 Fighting
 - Level 2.0 Throwing
 - Level 3.0 Dodging
 * Level 4.0 Unarmed Combat


You had 2 spell levels left.
You didn't know any spells.
Your spell library was empty.

Dungeon Overview and Level Annotations

Branches:
Dungeon (2/15)

Altars:


Innate Abilities, Weirdness & Mutations

You cannot wear most types of armour.
You are very stealthy in the water. (Stealth+)
You are amphibious.
You can wear up to eight rings at the same time.
You can use your tentacles to constrict eight enemies at once.
Your skin changes colour to match your surroundings (Stealth+).
Your rubbery body absorbs attacks. (AC +1, EV +1)


Message History

The giant cockroach barely misses you.
You tentacle-slap the giant cockroach.
You kill the giant cockroach!
Your Unarmed Combat skill increases to level 4!
You barely miss the worm. You grab the worm.
You squeeze the worm, but do no damage. You constrict the worm.
You tentacle-slap the worm.
The worm is lightly wounded.
You constrict the worm. The worm bites you.
You tentacle-slap the worm.
The worm is moderately wounded.
You constrict the worm. The worm bites you!
You are too injured to fight recklessly!
You tentacle-slap the worm.
The worm is heavily wounded.
You constrict the worm. You tentacle-slap the worm.
The worm is heavily wounded.
You constrict the worm. The worm bites you!
You die...

+...........†.......
#...######..)....####
#.#...# #..........#
#.###.####..........#
#........#..........#
#####.##............##
#.##...#####.....#
#.##...#####.....#
#.##.†....@wK....#
#......<####w....#
####.#.## #.....#
#....> #.....# ###+###
#..†..# ...##......
.[... #...###.# .....
#.#...$[# .....
#.##.#().


You could see 2 worms and a kobold.

Vanquished Creatures
  A gnoll (D:2)
  2 worms (D:2)
  A dart slug (D:1)
  6 giant cockroaches
  4 goblins
  3 hobgoblins (D:1)
  5 bats
  2 kobolds (D:1)
24 creatures vanquished.

Notes
Turn   | Place    | Note
-------+----------+-------------------------------------------
     0 | D:1      | ABBCCCDDDD the Octopode Gladiator began the quest for the
                  | Orb.
     0 | D:1      | Reached XP level 1. HP: 14/14 MP: 1/1
    65 | D:1      | Reached XP level 2. HP: 20/20 MP: 2/2
   643 | D:2      | Reached XP level 3. HP: 24/25 MP: 3/3
   823 | D:2      | Reached skill level 4 in Unarmed Combat
   831 | D:2      | Slain by a worm

Illustrated notes

Levels and vault maps discovered:
D:1:      shiori_arrival_oz, layout_basic
D:2:      layout_basic, minmay_tromino_i4

Skill      XL: |  1  2  3 |
---------------+----------+-----
Unarmed Combat | 4 |  4.0
Fighting       | |  2.8
Throwing       | |  2.0
Dodging        | |  3.0

Action                   || total
-------------------------++-------
Melee: Unarmed           ||    52
       Constrict         ||    13
       Tentacles         ||    12
       Punch             ||     1
 Stab: Sleeping          ||     7
Armor: Skin              ||     3
Dodge: Dodged            ||    27
